 Dungeon Crawl Stone Soup version bcrawl-1.29.1 (webtiles) character file.

Game seed: 3559535768937654503

10798519 Xenophilius the Slayer (level 27, -8/439 HPs)
             Began as an Ent Sloth Apostle on Feb 11, 2021.
             Was a High Priest of Cheibriados.
             Mangled by a Hell Sentinel (15 damage)
             ... in Pandemonium on Feb 13, 2021.
             The game lasted 09:11:34 (85260 turns).

Xenophilius the Slayer (Ent Sloth Apostle)         Turns: 85260, Time: 09:11:35

Health: -8/439     AC: 43    Str: 42    XL:     27
Magic:  42/42      EV: 37    Int: 39    God:    Cheibriados [*****.]
Gold:   10674      SH: 36    Dex: 24    Spells: 13/68 levels left

rFire    + + .     SeeInvis .   b - +9 great mace (holy)
rCold    + + .     Gourm    .   q - +8 large shield {AC+3}
rNeg     + + +     Faith    .   (armour unavailable)
rPois    +         Spirit   .   i - +2 hat of the Depths {Int+2}
rElec    +         Reflect  .   F - +1 cloak of Starlight {rElec rC+ EV+4 Stlth--}
rCorr    .         Harm     .   (gloves unavailable)
MR       ++++.                  (boots unavailable)
Stlth    ..........             m - amulet "Joalog" {RegenMP *Slow rF+ rN+ MR+ MP+9}
HPRegen  0.83/turn              O - +6 ring of evasion
MPRegen  0.53/turn              I - ring of Ruotejeu {rElec Dex+5 Slay+6}

@: berserking (expiring), sap magic, studying Crossbows, deflect missiles, very
slow
A: large, slow actions, passwall, iridescent scales 1, [blurry vision 2], clumsy
2, cold resistance 1, fire resistance 1, frail 1, [low mp 3], magic resistance
1, negative energy resistance 3, sense surroundings 1, poison resistance,
screaming 2, slow metabolism 1, torment resistance, unbreathing, [no potion heal
2], AC +34
0: Orb of Zot
}: 10/15 runes: barnacled, slimy, silver, golden, iron, obsidian, icy, bone,
abyssal, gossamer
a: Passwall, Bend Time, Temporal Distortion, Slouch, Step From Time, Renounce
Religion


You were in Pandemonium.
You worshipped Cheibriados.
Cheibriados was extremely pleased with you.
You were not hungry.

You visited 17 branches of the dungeon, and saw 60 of its levels.
You visited Pandemonium 2 times, and saw 5 of its levels.
You visited the Abyss 3 times.
You visited 1 bazaar.
You also visited: Trove, Sewer, Ice Cave and Wizlab.

You collected 16771 gold pieces.
You spent 6097 gold pieces at shops.

Inventory:

Hand Weapons
 a - the +11 great mace "Paydyph" {drain, rF++}
   (You bought it in a shop on level 2 of the Vaults)

   A truly terrible weapon, it drains the life of those it strikes.
   It greatly protects you from fire.
 b - a +9 great mace of holy wrath (weapon)
 w - a +8 blowgun
 W - the +4 staff of Dispater
   (You took it off Dispater on level 2 of the Iron City of Dis)
Missiles
 g - 23 throwing nets {=f}
 y - 1665 poisoned tomahawks
 G - 376 javelins of penetration {=f}
 J - 1195 large rocks (quivered)
 N - 226 needles of confusion
Armour
 i - the +2 hat of the Depths (worn) {Int+2}
   (You acquired it on level 6 of the Lair of Beasts)

   It affects your intelligence (+2).
 q - a +8 large shield of protection (worn)
 F - the +1 cloak of Starlight (worn) {rElec rC+ EV+4 Stlth--}
   (You found it on level 3 of the Elven Halls)

   It affects your evasion (+4).
   It protects you from cold.
   It insulates you from electricity.
   It makes you much less stealthy.
Jewellery
 m - the amulet "Joalog" (around neck) {RegenMP *Slow rF+ rN+ MR+ MP+9}
   (You found it on level 2 of Gehenna)

   [amulet of magic regeneration]

   It increases your magic regeneration.
   It protects you from fire.
   It protects you from negative energy.
   It affects your resistance to hostile enchantments.
   It affects your magic capacity (+9).
   It may slow you when you take damage.
 B - the ring "Viuts" {+Blink rPois MR+ Int+2 SInv}
   (You found it on level 2 of the Realm of Zot)

   [ring of see invisible]

   It affects your intelligence (+2).
   It protects you from poison.
   It affects your resistance to hostile enchantments.
   It lets you see invisible.
   It lets you blink.
 I - the ring of Ruotejeu (right hand) {rElec Dex+5 Slay+6}
   (You found it on level 2 of Gehenna)

   [ring of slaying]

   It affects your dexterity (+5).
   It affects your accuracy and damage with ranged weapons and melee attacks
   (+6).
   It insulates you from electricity.
 O - a +6 ring of evasion (left hand)
Wands
 c - a wand of paralysis (61)
 o - a wand of iceblast (83)
 x - a wand of enslavement (35)
 Q - a wand of acid (53)
 X - a wand of digging (48)
Scrolls
 k - 26 scrolls of teleportation
 n - 30 scrolls of remove curse
 t - 6 scrolls of blinking
 A - 10 scrolls of fear
 D - 13 scrolls of fog
 E - 3 scrolls of magic mapping
 U - 3 scrolls of summoning
Potions
 f - 3 potions of cancellation
 j - 12 potions of flight
 u - 4 potions of heal wounds
 v - 4 potions of resistance
 z - 17 potions of curing
 C - a potion of agility
 P - 7 potions of invisibility
 R - 7 potions of magic
 S - 6 potions of might
 T - 7 potions of brilliance
 Z - 5 potions of ambrosia
Miscellaneous
 h - a lamp of fire
 l - a fan of gales (2/2)
 p - a phial of floods
 r - 8 phantom mirrors
 K - a lightning rod (4/4)
 M - 4 boxes of beasts
 V - a figurine of a ziggurat {!*}
 Y - a sack of spiders
Comestibles
 e - 59 rations {!d}


   Skills:
 + Level 22.4 Fighting
 - Level 20.0 Maces & Flails
 + Level 22.0 Throwing
 + Level 18.8 Dodging
 - Level 14.0 Stealth
 * Level 20.4 Shields
 + Level 21.2 Spellcasting
 - Level 8.0 Conjurations
 - Level 1.0 Hexes
 - Level 20.0 Charms
 * Level 16.9 Translocations
 - Level 9.0 Transmutations
   Level 4.0 Ice Magic
 - Level 11.0 Air Magic
 * Level 17.4 Earth Magic
 - Level 14.0 Invocations
 - Level 12.0 Evocations


You had 13 spell levels left.
You knew the following spells:

 Your Spells              Type           Power        Failure   Level  Hunger
a - Apportation           Tloc           ######       0%          1    None
b - Beckoning             Tloc           ########..   0%          3    None
l - Lee's Rapid Deconstr  Erth           ########..   1%          5    None
A - Shatter               Erth           ########..   95%         9    #####..
B - Blink                 Tloc           N/A          0%          2    None
C - Controlled Blink      Tloc           ########     2%          7    None
I - Irradiate             Conj/Tmut      #######...   3%          5    None
M - Deflect Missiles      Chrm/Air       ########..   1%          6    None
P - Portal Projectile     Tloc           ######       0%          3    None
R - Regeneration          Chrm/Necr      #######...   1%          3    None
S - Time Stop             Chrm/Tloc      N/A          12%         8    ###....
W - Spectral Weapon       Hex/Chrm       #######.     1%          3    None

Your spell library contained the following spells:

 Spells                   Type           Power        Failure   Level  Hunger
 Blink Other              Tloc           ######       0%          1    None
 Infusion                 Chrm           ########     0%          1    None
 Sandblast                Erth           ######       0%          1    None
 Song of Slaying          Chrm           ########     0%          2    None
 Swiftness                Chrm/Air       ########     0%          2    None
 Teleport Other           Tloc           ########     0%          3    None
 Flame Tongue             Conj/Fire      #####        1%          1    None
 Freeze                   Ice            ######       1%          1    None
 Magic Dart               Conj           ####         1%          1    None
 Shock                    Conj/Air       #####        1%          1    None
 Sting                    Conj/Pois      ####         1%          1    None
 Ensorcelled Hibernation  Hex/Ice        ######       1%          2    None
 Flaming Arrows           Chrm/Fire      #######.     1%          2    None
 Poisonous Vapours        Pois/Air       ######       1%          2    None
 Searing Ray              Conj           #######.     1%          2    None
 Sticks to Snakes         Tmut           #######.     1%          2    None
 Throw Frost              Conj/Ice       ######       1%          2    None
 Conjure Flame            Conj/Fire      ######..     1%          3    None
 Dazzling Orbs            Conj/Hex       ######.      1%          3    None
 Iskenderun's Mystic Bla  Conj           #######.     1%          3    None
 Mephitic Cloud           Conj/Pois/Air  ######..     1%          3    None
 Ozocubu's Armour         Chrm/Ice       #######.     1%          3    None
 Recall                   Summ/Tloc      N/A          1%          3    None
 Static Discharge         Air            #######.     1%          3    None
 Stone Arrow              Conj/Erth      ######       1%          3    None
 Airstrike                Air            #######...   1%          4    None
 Force Lance              Tloc           ########     1%          4    None
 Petrify                  Tmut/Erth      #######...   1%          4    None
 Iskenderun's Battlesphe  Conj/Chrm      ########     1%          5    None
 Lightning Bolt           Conj/Air       #######...   1%          5    None
 Piercing Shot            Chrm           ########..   1%          5    None
 Dispersal                Tloc           ########..   1%          6    None
 Corona                   Hex            #####..      2%          1    None
 Slow                     Hex            #####...     2%          1    None
 Iron Shot                Conj/Erth      #######...   2%          6    None
 Animate Skeleton         Necr           N/A          3%          1    None
 Pain                     Necr           #####.       3%          1    None
 Summon Butterflies       Summ           #####...     3%          1    None
 Summon Small Mammal      Summ           ####         3%          1    None
 Shackle                  Hex            #####...     3%          2    None
 Ignite Poison            Fire/Tmut/Pois ######..     3%          3    None
 Throw Icicle             Conj/Ice       ######..     3%          4    None
 Bolt of Magma            Conj/Fire/Erth #######...   3%          5    None
 Summon Forest            Summ/Tloc      #######...   3%          5    None
 Yara's Violent Unravell  Hex/Tmut       ######....   4%          4    None
 Call Imp                 Summ           #####.       5%          2    None
 Corpse Rot               Necr           N/A          5%          2    None
 Sublimation of Blood     Necr           #####.....   5%          2    None
 Fulminant Prism          Conj/Hex       ######....   5%          4    None
 Confuse                  Hex            #####...     7%          3    None
 Tukima's Dance           Hex            #####...     7%          3    None
 Sticky Flame             Conj/Fire      ######..     7%          4    None
 False Image              Hex/Summ       #####...     9%          3    None
 Inner Flame              Hex/Fire       N/A          9%          3    None
 Silence                  Hex/Air        ######....   9%          5    None
 Death Channel            Chrm/Necr      #######...   9%          6    None
 Steam Barrier            Chrm/Fire      #######...   9%          6    None
 Summon Lightning Spire   Summ/Air       ######..     10%         5    None
 Call Canine Familiar     Summ           #####...     11%         3    None
 Vampiric Draining        Necr           #####.....   11%         3    None
 Borgnjor's Vile Clutch   Necr/Erth      #######...   14%         6    None
 Summon Ice Beast         Ice/Summ       ######..     16%         4    None
 Bolt of Draining         Conj/Necr      ######....   19%         5    None
 Fireball                 Conj/Fire      ######....   19%         5    None
 Venom Bolt               Conj/Pois      ######....   19%         5    None
 Cause Fear               Hex            #####.....   22%         4    None
 Freezing Cloud           Ice/Air        #######...   24%         6    None
 Agony                    Necr           #####...     34%         4    None
 Animate Dead             Necr           N/A          34%         4    None
 Metabolic Englaciation   Hex/Ice        ######....   34%         5    None
 Bolt of Cold             Conj/Ice       ######....   41%         6    None
 Summon Mana Viper        Hex/Summ       #####...     61%         5    None
 Aura of Abjuration       Summ           #####.....   67%         5    None
 Dispel Undead            Necr           #####...     67%         5    None
 Summon Demon             Summ           #####.....   67%         5    None
 Bolt of Fire             Conj/Fire      ######....   71%         6    None
 Ozocubu's Refrigeration  Ice            ######....   71%         6    None
 Poison Arrow             Conj/Pois      ######....   71%         6    None
 Infestation              Hex/Tmut/Pois  ######...    80%         6    None
 Simulacrum               Ice/Necr       ######....   93%         6    None
 Icicle Burst             Conj/Ice       ######....   94%         7    None
 Darkness                 Hex            #####.....   98%         6    None
 Invisibility             Hex            #####...     98%         6    None
 Shadow Creatures         Summ           N/A          99%         6    None
 Summon Hydra             Summ           #####.....   99%         6    None
 Mana Rupture             Conj/Hex       ######....   99%         7    None
 Spellforged Servitor     Conj/Summ      ######....   99%         7    None
 Chain Lightning          Conj/Air       #######...   99%         8    ###....
 Haunt                    Necr/Summ      #####.....   100%        7    None
 Monstrous Menagerie      Summ           #####.....   100%        7    None
 Discord                  Hex            #####.....   100%        8    ###....
 Ignition                 Fire           #####.....   100%        8    ###....
 Dragon's Call            Summ           #####.....   100%        9    #####..
 Fire Storm               Conj/Fire      ######....   100%        9    #####..
 Tornado                  Air            #######...   100%        9    #####..
 Beastly Appendage        Tmut           Unusable     N/A         1    N/A
 Passwall                 Tmut/Erth      Unusable     N/A         2    N/A
 Spider Form              Tmut/Pois      Unusable     N/A         3    N/A
 Passage of Golubria      Tloc           Unusable     N/A         5    N/A
 Ice Form                 Ice/Tmut       Unusable     N/A         4    N/A
 Blade Hands              Tmut           Unusable     N/A         5    N/A
 Statue Form              Tmut/Erth      Unusable     N/A         6    N/A
 Tree Form                Hex/Tmut       Unusable     N/A         4    N/A
 Dragon Form              Tmut           Unusable     N/A         7    N/A
 Borgnjor's Revivificati  Necr           Unusable     N/A         8    N/A
 Necromutation            Tmut/Necr      Unusable     N/A         8    N/A

Dungeon Overview and Level Annotations

Branches:
Dungeon (12/12)            Temple (0/1) D:7            Lair (6/6) D:9
 Shoals (3/3) Lair:3       Spider (3/3) Lair:2        Slime (5/5) Lair:6
    Orc (1/1) D:11            Elf (3/3) Orc          Vaults (3/3) D:12
  Crypt (2/2) Vaults:2       Tomb (3/3) Crypt:2      Depths (5/5) D:12
   Hell (1/1)                 Dis (2/2) Hell            Geh (2/2) Hell
    Coc (2/2) Hell            Tar (2/2) Hell            Zot (5/5) Depths:5

Altars:
Ashenzari
Dithmenos
Elyvilon
Fedhas
Gozag
Hepliaklqana
Kikubaaqudgha
Nemelex Xobeh
Qazlal
Ru
Sif Muna
Trog
Wu Jian
Xom
Yredelemnul
Zin
Beogh
Jiyva

Shops:
D:4 ?(?   D:5 }   D:7 [   D:8 (}:   D:9 =   Orc ((?[[   Elf:3 *   Shoals:3 %
Vaults:1 ([   Vaults:2 (   Depths:3 !(

Portals:
Hell: Depths:1 Depths:2 Depths:3 Depths:4 Depths:5
Abyss: Depths:4 Depths:5
Pandemonium: Depths:3 Depths:4 Depths:5
Ziggurat: Depths:2


Innate Abilities, Weirdness & Mutations

You move and act slowly.
You can pass through walls and trees.
Your thick bark is tough. (AC +34)
You are too large for most types of armour.
You are immune to negative energy. (rN+++)
Your system is resistant to poisons. (rPois)
You have a slow metabolism.
You are immune to unholy pain and torment.
You can survive without breathing.
You are partially covered in iridescent scales. (AC +2)
You are very clumsy. (Dex -4)
Your flesh is cold resistant. (rC+)
Your flesh is heat resistant. (rF+)
You are frail. (-10% HP)
You are resistant to hostile enchantments. (MR+)
You passively map a small area around you.
You sometimes yell uncontrollably at your foes.
[Scrolls take you longer to read.]
[Your magical capacity is extremely low. (-30% MP)]
[Potions are poor at restoring your health.]


Message History

You block the poison arrow.
The gelid warmonger calls upon its god to speed up the very large slime creature.
The very large slime creature seems to speed up.
The Hell Sentinel completely misses you. x2
The vault sentinel blows a loud note on a signal horn!
The monstrous corrupter completely misses you.
The monstrous corrupter claws you but does no damage.
You block the monstrous corrupter's attack.
The monstrous corrupter completely misses you.
The monstrous corrupter misses you.
You block the monstrous corrupter's attack.
A very large slime creature splits.
The vault sentinel blows a loud note on a signal horn!
The acid blob barely misses you.
The vampire knight gestures wildly while chanting.
The vampire knight seems to speed up.
The green death hits you but does no damage.
The gelid warmonger completely misses you.
You block the chaos spawn's attack. The Hell Sentinel hits you!
You die...

##* .# ##
*#######W##V## *
......p§613.#──.
, ,
.#..§#p4@J9(w..\
,,#. #.266p.(...
, , #JJ2Jp.....
, , ,,
.......).... ,
............. ,,
∩..........8...
............)..
...............
, * , ,


You could see a Hell Sentinel, an eldritch tentacle, an acid blob, a cacodemon,
a gelid warmonger, an azure jelly, a green death, a vampire knight, 2
demonspawn, a large slime creature, a slime creature, a flayed ghost, a sun
demon, a war gargoyle, 4 vault sentinels, a chaos spawn and 2 dancing weapons.

Vanquished Creatures
  Asmodeus (Geh:2)
  Dispater (Dis:2)
  Antaeus (Coc:2)
  Ereshkigal (Tar:2)
  the Royal Jelly (Slime:5)
  2 seraphim
  3 juggernauts
  8 orbs of fire
  Xtahua (Depths:4)
  The ghost of doomedcactus the Sorcerer, a legendary FrCj of Vehumet (Zot:5)
  5 ancient liches
  26 greater mummies
  6 Killer Klowns
  7 shard shrikes (Coc:2)
  13 golden dragons
  6 pandemonium lords
  The ghost of MisterOstroum the Crack Shot, a veteran CeWn of Okawaru (Zot:5)
  Arachne (Spider:2)
  Boris (Tomb:1)
  Geryon (Hell)
  4 caustic shrikes (Depths:3)
  6 curse toes
  Saint Roka (Orc)
  Gastronok (Orc)
  Jory (Tomb:2)
  7 bone dragons
  Nikola (Depths:3)
  the Enchantress (Depths:3)
  An Orb Demon (Zot:5)
  4 doom hounds (Tar:2)
  27 Brimstone Fiends
  14 Ice Fiends
  6 iron giants (Dis:2)
  19 Shadow Fiends
  5 electric golems
  17 Hell Sentinels
  A hellephant (Lair:2)
  A Cloud Mage (WizLab)
  11 tentacled monstrosities
  21 liches
  Jorgrun (Spider:2)
  2 deep elf blademasters (Elf:3)
  39 Orb Guardians
  2 deep elf master archers (Elf:3)
  2 titans (Vaults:3)
  Murray (Hell)
  6 quicksilver dragons
  9 Executioners
  12 acid blobs
  14 ancient champions
  2 tentacled starspawn (Abyss:3)
  11 sphinxes
  5 death cobs
  The ghost of elgoggo the Tortoise, an adept MiMo of the Shining One (Spider:3)
  6 shadow dragons
  13 storm dragons
  10 draconian monks
  9 tengu reavers
  9 azure jellies
  12 frost giants
  2 revenants
  Roxanne (Elf:2)
  13 fire giants
  Donald (Shoals:2)
  10 deep elf sorcerers
  4 daevas
  5 draconian knights
  8 cacodemons
  15 balrugs
  6 draconian scorchers
  11 vault wardens
  5 ghost moths
  11 draconian shifters
  An orc warlord (Vaults:3)
  4 black suns
  15 iron dragons
  3 angels
  4 emperor scorpions
  2 curse skulls (Crypt:1)
  3 deep elf elementalists
  8 spriggan defenders
  56 reapers
  6 draconian stormcallers
  25 very ugly things
  4 ghouls
  18 war gargoyles
  6 ironheart preservers
  8 draconian annihilators
  14 bennus
  18 stone giants
  6 blood saints
  An elemental wellspring (Coc:2)
  5 deep elf annihilators
  15 green draconians
  7 lorocyprocas
  6 black draconians
  8 vampire knights
  The ghost of Sarzael the Transmogrifier, a journeyman DrTm of Makhleb (Vaults:1)
  7 corrupters (Pan)
  The ghost of Krom the Eclecticist, a journeyman DsFE of Vehumet (Lair:6)
  7 deep elf demonologists
  8 spark wasps
  11 red draconians
  14 white draconians
  An entropy weaver (Spider:3)
  16 purple draconians
  8 yellow draconians
  3 merfolk javelineers (Shoals:3)
  7 deep elf death magi
  18 blizzard demons
  3 eidola (Crypt:1)
  A green death (Pan)
  7 ettins
  10 fire dragons
  4 death oozes (Slime:5)
  2 jiangshi (Depths:4)
  Snorg (D:10)
  12 crystal guardians
  A fire dragon (shapeshifter) (Vaults:3)
  A spectral kraken (Tar:2)
  18 mummy priests
  5 quicksilver dragon zombies
  30 vault guards
  7 deep elf high priests
  9 merfolk impalers
  14 yaktaur captains
  2 hydras
  A kraken zombie (Coc:1)
  Harold (Orc)
  Fannar (Orc)
  8 rakshasas
  6 quicksilver dragon skeletons
  30 ice dragons
  13 great orbs of eyes
  2 shadow wraiths
  8 monstrous demonspawn
  10 centaur warriors
  An alligator snapping turtle (Shoals:2)
  13 spriggan air magi
  8 hell beasts
  7 merfolk avatars
  6 death knights
  5 ghost crabs
  4 merfolk aquamancers (Shoals:3)
  5 ogre magi
  35 dancing weapons
  10 death yaks
  24 tengu warriors
  13 two-headed ogres
  20 death scarabs (Tomb:1)
  24 hell hogs
  8 sea snakes
  2 sea snakes (shapeshifter)
  13 deep troll earth magi
  15 deep troll shamans
  A satyr (Shoals:1)
  6 vampire magi
  31 deep trolls
  14 spriggan berserkers
  A thrashing horror (Abyss:3)
  6 titan zombies
  A shock serpent (WizLab)
  36 soul eaters
  33 deep elf knights
  30 sun demons
  Sonja (Lair:1)
  A goliath frog (shapeshifter) (Elf:3)
  3 storm dragon zombies
  8 iron golems
  7 wretched stars
  2 quicksilver dragon simulacra (Depths:2)
  101 skeletal warriors
  5 titan skeletons
  10 sixfirhies
  42 hell knights
  A spark wasp zombie (Crypt:1)
  4 storm dragon skeletons
  16 iron trolls
  2 anaconda zombies
  3 torturous demonspawn
  An unseen horror (Depths:5)
  3 death drakes
  8 glowing orange brains
  10 flayed ghosts
  23 large abominations
  6 infernal demonspawn
  A swamp dragon (shapeshifter) (D:11)
  3 cherubim
  7 ironbrand convokers
  4 lindwurms (Depths:5)
  12 deep elf archers
  29 shadow demons
  A golden dragon skeleton (Tar:2)
  2 wizards
  5 orange crystal statues
  An anaconda skeleton (Coc:2)
  7 shadow dragon zombies
  4 gelid demonspawn (Pan)
  18 starcursed masses (Abyss:3)
  4 cyclopes
  7 harpies
  2 wolf spiders (shapeshifter) (Vaults:3)
  An obsidian statue (Zot:5)
  22 phantasmal warriors
  40 ugly things
  18 wolf spiders
  19 necromancers
  2 orc sorcerers
  13 orb spiders
  9 orc knights
  3 wolf spider zombies
  5 iron dragon zombies
  77 deep elf magi
  A toenail golem (D:9)
  6 stone giant zombies
  12 manticores
  6 shadow dragon skeletons
  2 oklob plants (D:10)
  4 shining eyes
  6 frost giant zombies
  3 fire giant zombies
  4 fauns (Shoals:1)
  A worldbinder (Abyss:1)
  5 merfolk sirens
  A shock serpent zombie (Tar:2)
  4 elephants (Lair:5)
  3 human skeletons (Vaults:2)
  A centaur zombie (D:9)
  5 fire giant skeletons
  3 iron dragon skeletons
  24 moths of wrath
  5 stone giant skeletons
  3 water nymphs (Shoals:3)
  10 orange demons
  3 dire elephant zombies
  5 gargoyles
  13 smoke demons
  31 rust devils
  An alligator snapping turtle zombie (Crypt:1)
  2 apocalypse crabs (WizLab)
  3 eyes of devastation
  7 ice statues
  A frost giant skeleton (Tar:2)
  An eye of devastation (shapeshifter) (Depths:3)
  A torpor snail (Spider:1)
  A black mamba (Lair:5)
  20 demonic crawlers
  12 molten gargoyles
  2 centaur skeletons
  11 vault sentinels
  A water nymph (shapeshifter) (Vaults:3)
  3 emperor scorpion zombies
  13 spectral swamp worms (Tar:2)
  A dire elephant skeleton (Crypt:2)
  2 catoblepas zombies
  30 cane toads
  A redback zombie (D:12)
  6 komodo dragons
  A rime drake (shapeshifter) (D:12)
  42 yaktaurs
  22 hellions
  11 hellwings
  38 freezing wraiths
  A swamp worm zombie (Crypt:1)
  A golden dragon simulacrum (Crypt:1)
  15 tormentors
  4 efreet
  34 ice devils
  An anaconda simulacrum (Coc:2)
  32 red devils
  36 guardian mummies
  An ancient zyme (Abyss:3)
  A tengu conjurer (Depths:2)
  27 merfolk
  5 silent spectres
  A queen bee (D:8)
  3 harpy zombies
  A wind drake (shapeshifter) (D:12)
  6 hydra zombies
  15 jumping spiders
  5 tyrant leeches (Lair:6)
  5 polar bears
  5 hydra skeletons
  6 meliai
  5 trolls
  12 wind drakes
  5 raiju
  5 bog bodies (Coc:2)
  7 fire dragon zombies
  A dream sheep (shapeshifter) (Depths:4)
  90 slime creatures
  29 hornets
  24 blink frogs
  A deep troll zombie (D:12)
  A hippogriff (shapeshifter) (Elf:2)
  5 ice dragon zombies
  8 snapping turtles
  A stone giant simulacrum (Crypt:1)
  7 ettin zombies
  7 hippogriffs
  A fire giant simulacrum (Tar:2)
  3 ice dragon skeletons
  A spriggan skeleton (D:12)
  A frost giant simulacrum (Vaults:2)
  7 alligator zombies
  108 flying skulls
  17 shadows
  Sigmund (D:5)
  23 ushabtiu
  26 redbacks
  6 air elementals
  A guardian serpent skeleton (Crypt:2)
  20 water elementals
  5 ynoxinuls (Pan)
  7 ettin skeletons
  24 tarantellas
  3 alligator skeletons
  2 black mamba skeletons
  16 spriggans
  19 wraiths
  36 yaks
  6 fire dragon skeletons
  A yak (shapeshifter) (Depths:4)
  20 fire elementals
  2 hungry ghosts (Tar:2)
  15 chaos spawn
  2 golden eyes
  4 basilisks
  2 spatial vortices
  16 vampire mosquitoes
  A yaktaur simulacrum (Vaults:1)
  4 neqoxecs
  13 crocodiles
  6 wargs
  5 cane toad zombies
  59 hell hounds
  6 water moccasins
  7 porcupines
  A merfolk skeleton (Geh:2)
  A floating eye (Slime:4)
  A hydra simulacrum (Hell)
  56 orc warriors
  10 ice beasts
  A cane toad skeleton (Coc:2)
  4 black bears
  10 phantoms
  13 necrophages
  6 snapping turtle zombies
  4 sky beasts
  5 swamp drakes (Depths:5)
  11 small abominations
  3 ettin simulacra
  An alligator simulacrum (Coc:2)
  2 manticore zombies
  A hog zombie (Crypt:1)
  25 ogres
  4 eyes of draining
  30 centaurs
  A fire dragon simulacrum (Coc:2)
  3 wolves (Lair:2)
  6 boggarts
  3 snapping turtle skeletons
  5 big kobolds
  A human zombie (Vaults:2)
  18 bullfrogs
  Blork the orc (D:6)
  A cane toad simulacrum (Hell)
  4 earth elementals
  A wyvern zombie (D:9)
  2 water moccasin skeletons
  5 scorpions
  15 killer bees
  37 wights
  6 howler monkeys
  A bullfrog zombie (D:3)
  15 crimson imps
  5 quasits
  8 hounds
  5 jellies
  23 orc priests
  Crazy Yiuf (D:6)
  23 orc wizards
  A black bear skeleton (Crypt:1)
  24 iron imps
  9 worker ants
  5 iguanas
  A hell rat (D:9)
  A tengu zombie (Tar:2)
  A dwarf skeleton (Crypt:1)
  A tengu skeleton (Geh:2)
  2 hound skeletons
  43 mummies
  4 worker ant zombies
  3 gnolls
  9 river rats
  19 adders
  3 shadow imps
  11 white imps
  3 ufetubi
  2 oozes
  An adder zombie (D:6)
  An adder skeleton (D:6)
  5 worms
  5 dart slugs
  8 leopard geckos
  104 orcs
  4 ball pythons
  8 bats
  A giant cockroach (D:1)
  8 goblins
  11 hobgoblins
  12 jackals
  2 quokkas
  3 frilled lizards
  A jackal zombie (D:8)
  27 kobolds
  24 rats
  A spectral orc (D:6)
  A fire vortex (Geh:1)
  2 plants
  3 tentacles (Tar:2)
4047 creatures vanquished.

Vanquished Creatures (collateral kills)
  An Orb Guardian (Zot:5)
  A draconian knight (Zot:4)
  A draconian shifter (Zot:5)
  A reaper (Hell)
  A green draconian (Zot:5)
  A yellow draconian (Zot:4)
6 creatures vanquished.

Vanquished Creatures (others)
  A lich (Depths:1)
  A death cob (Zot:4)
  3 eldritch tentacles
  A frost giant (Vaults:3)
  A blood saint (Pan)
  An elemental wellspring (Coc:2)
  A blizzard demon (WizLab)
  A spark wasp (Spider:3)
  A deep troll earth mage (Depths:5)
  2 hell hogs (Geh:2)
  2 deep elf knights
  A soul eater (Pan)
  A sixfirhy (Pan)
  A lindwurm (Depths:5)
  A deep elf mage (Elf:3)
  A moth of wrath (Zot:5)
  A hellwing (Pan)
  A water elemental (Hell)
  A flying skull (Tar:2)
  2 air elementals (WizLab)
  2 ushabtiu
  A yak (Lair:6)
  A chaos spawn (Pan)
  A soldier ant (shapeshifter) (Depths:5)
  A hell hound (Dis:2)
  3 wights
  A crimson imp (Depths:1)
  A gnoll shaman (D:7)
  An ogre skeleton (Geh:2)
  4 mummies (Tomb:2)
  2 gnolls (D:7)
  A white imp (Depths:5)
  8 bushes (Depths:1)
  A fire vortex (Zot:5)
  13 fungi
  47 plants
  45 spectral weapons
  5 starspawn tentacles (Abyss:3)
  7 tentacles
  4 withered plants (D:12)
174 creatures vanquished.

Grand Total: 4227 creatures vanquished

Notes
Turn   | Place    | Note
-------+----------+-------------------------------------------
     0 | D:1      | Xenophilius the Ent Sloth Apostle began the quest for the
                  | Orb.
     0 | D:1      | Reached XP level 1. HP: 22/22 MP: 2/2
   151 | D:1      | Reached XP level 2. HP: 28/32 MP: 3/3
   560 | D:1      | Reached * piety under Cheibriados
   891 | D:1      | Reached XP level 3. HP: 26/39 MP: 4/4
  1153 | D:2      | Reached skill level 1 in Invocations
  1256 | D:2      | Found a stormy altar of Qazlal.
  1256 | D:2      | Found a hazy altar of Hepliaklqana.
  1337 | D:2      | Reached XP level 4. HP: 47/47 MP: 5/5
  1491 | D:2      | Reached ** piety under Cheibriados
  2429 | D:3      | Reached XP level 5. HP: 39/57 MP: 6/6
  2485 | D:3      | Found a sacrificial altar of Ru.
  2578 | D:3      | Found a shadowy altar of Dithmenos.
  3112 | D:4      | Found Gymim's Magic Scroll Shop.
  3122 | D:4      | Bought a scroll of magic mapping for 38 gold pieces
  3122 | D:4      | Bought a scroll of blinking for 82 gold pieces
  3122 | D:4      | Bought a scroll of identify for 22 gold pieces
  3122 | D:4      | Bought a scroll of identify for 22 gold pieces
  3122 | D:4      | Bought a scroll of amnesia for 38 gold pieces
  3167 | D:4      | Found Sephisuu's Weapon Boutique.
  3168 | D:4      | Reached *** piety under Cheibriados
  3259 | D:4      | Noticed a phantom
  3321 | D:4      | Killed a phantom
  3322 | D:4      | Reached XP level 6. HP: 65/65 MP: 8/8
  3334 | D:4      | Found Keskest's Magic Scroll Boutique.
  3340 | D:4      | Noticed a sky beast
  3361 | D:4      | Killed a sky beast
  3407 | D:4      | Bought a scroll of identify for 26 gold pieces
  3411 | D:4      | Got a translucent pewter ring
  3416 | D:4      | Identified the ring of Starshine {+Fly rElec Str-3 Dex+3}
                  | (You found it on level 4 of the Dungeon)
  3527 | D:4      | Found the +1 pair of gauntlets of War {Slay+6}
  3545 | D:4      | Found a white marble altar of Elyvilon.
  3836 | D:4      | Reached skill level 5 in Maces & Flails
  3860 | D:4      | Noticed a sky beast
  3872 | D:4      | Killed a sky beast
  3873 | D:4      | Reached XP level 7. HP: 58/74 MP: 8/10
  3938 | D:4      | Paralysed by fainting for 12 turns
  4013 | D:4      | Found the +2 cloak of the Thief {+Fog +Inv Slay-2 SInv
                  | Stlth+}
  4057 | D:4      | Reached skill level 1 in Evocations
  4097 | D:4      | Reached skill level 5 in Stealth
  4209 | D:5      | Entered Level 5 of the Dungeon
  4228 | D:5      | Found a shattered altar of Ashenzari.
  4481 | D:5      | Found a glowing drain.
  4489 | Sewer    | Entered a sewer
  4598 | Sewer    | Reached **** piety under Cheibriados
  4918 | Sewer    | Reached ***** piety under Cheibriados
  4928 | Sewer    | Reached XP level 8. HP: 84/84 MP: 11/11
  4962 | Sewer    | Reached skill level 5 in Invocations
  5398 | D:5      | Found a shimmering blue altar of Sif Muna.
  5446 | D:5      | Found Ajouf's Gadget Emporium.
  5664 | D:5      | Noticed Sigmund
  5686 | D:6      | Noticed Blork the orc
  5689 | D:6      | Killed Blork the orc
  5880 | D:4      | Bought a +0 dire flail for 48 gold pieces
  5904 | D:6      | Identified the +6 mace of Eternal War {holy, Stlth+}
  5904 | D:6      | Identified the +3 trident of the Ten Dances {antimagic,
                  | rElec}
  6157 | D:6      | Found a shimmering altar of Xom.
  6789 | D:6      | Found a basalt altar of Yredelemnul.
  6898 | D:6      | Found a runed door.
  7091 | D:6      | Reached XP level 9. HP: 87/92 MP: 11/13
  7107 | D:6      | Learned a level 3 spell: Ozocubu's Armour
  7140 | D:6      | Reached skill level 5 in Shields
  7408 | D:4      | Bought a scroll of summoning for 130 gold pieces
  7408 | D:4      | Bought a scroll of identify for 26 gold pieces
  7408 | D:4      | Bought a scroll of identify for 26 gold pieces
  7440 | D:7      | Found Koiblaol's Antique Armour Boutique.
  7468 | D:7      | Got a pitted ivory ring
  7469 | D:7      | Identified the ring "Oshopij" {Ice Stlth+} (You found it on
                  | level 7 of the Dungeon)
  7973 | D:7      | Found an ornate altar of the Wu Jian Council.
  8011 | D:7      | Found a staircase to the Ecumenical Temple.
  8058 | D:7      | Reached skill level 5 in Fighting
  8429 | D:5      | Killed Sigmund
  8539 | D:6      | Noticed Crazy Yiuf
  8543 | D:6      | Killed Crazy Yiuf
  8720 | D:8      | Found a sparkling altar of Nemelex Xobeh.
  8720 | D:8      | Found an opulent altar of Gozag.
  9019 | D:8      | Noticed a centaur warrior
  9037 | D:8      | Killed a centaur warrior
  9095 | D:8      | Found Rikhuphe's Book Emporium.
  9148 | D:8      | Found Iwuok's Weapon Emporium.
  9157 | D:8      | Found Zisih's Gadget Boutique.
  9582 | D:8      | Noticed a queen bee
  9587 | D:8      | Reached skill level 5 in Evocations
  9587 | D:8      | Reached XP level 10. HP: 99/106 MP: 9/15
 10071 | D:9      | Found Ganutetu's Jewellery Boutique.
 10075 | D:9      | Reached ****** piety under Cheibriados
 10166 | D:9      | Noticed a two-headed ogre
 10178 | D:9      | Killed a two-headed ogre
 10226 | D:9      | Identified the +3 flail "Deorirr" {flame, Dex+4}
 10226 | D:9      | Noticed a centaur warrior
 10241 | D:9      | Killed a centaur warrior
 10360 | D:9      | Noticed a death yak
 10519 | D:9      | Reached XP level 11. HP: 116/116 MP: 17/17
 10605 | D:9      | Noticed a death yak
 10611 | D:9      | Noticed a death yak
 10633 | D:8      | Killed a death yak
 10734 | D:9      | Reached skill level 10 in Maces & Flails
 10804 | D:9      | Found a staircase to the Lair.
 11062 | D:10     | Entered Level 10 of the Dungeon
 11080 | D:10     | Found a runed door.
 11080 | D:10     | Found a glowing silver altar of Zin.
 11080 | D:10     | Noticed an angel
 11147 | D:10     | Found a blossoming altar of Fedhas.
 11149 | D:10     | Noticed an oklob plant
 11152 | D:10     | Noticed an oklob plant
 11210 | D:10     | Killed an oklob plant
 11268 | D:10     | Killed an oklob plant
 11571 | D:10     | Reached skill level 10 in Invocations
 11690 | D:10     | Noticed a seven-headed hydra
 11982 | D:11     | Noticed a death knight
 11982 | D:11     | Noticed Snorg
 12060 | D:11     | Noticed a purple ugly thing
 12130 | D:11     | Noticed a two-headed ogre
 12135 | D:11     | Noticed a tengu warrior
 12192 | Lair:1   | Entered Level 1 of the Lair of Beasts
 12286 | Lair:1   | Got a faintly humming cloak
 12297 | Lair:1   | Identified the cursed -7 cloak "Kego Hol" {*Slow rElec rC++
                  | Dex+4} (You found it on level 1 of the Lair of Beasts)
 12663 | Lair:1   | Reached XP level 12. HP: 127/127 MP: 19/19
 12922 | Lair:1   | Noticed Sonja
 12927 | Lair:1   | Killed Sonja
 12928 | Lair:1   | Reached skill level 1 in Ice Magic
 13283 | Lair:2   | Reached skill level 1 in Dodging
 13550 | Lair:2   | Found a hole to the Spider Nest.
 14348 | Lair:3   | Learned a level 6 spell: Borgnjor's Vile Clutch
 15097 | Lair:3   | Found a staircase to the Shoals.
 15989 | Lair:5   | Noticed a death yak
 16081 | Lair:5   | Reached XP level 13. HP: 117/137 MP: 21/21
 17087 | Lair:6   | Entered Level 6 of the Lair of Beasts
 17181 | Lair:6   | Found a stormy altar of Qazlal.
 17198 | Lair:6   | Found a frozen archway.
 17224 | IceCv    | Entered an ice cave
 18001 | Lair:6   | Found a runed translucent door.
 18002 | Lair:6   | Identified the +7 spear "X" {protect, Str+4 SInv}
 18009 | Lair:6   | Noticed Krom's ghost (journeyman DsFE)
 18489 | Lair:6   | Found a staircase to the Slime Pits.
 18490 | Lair:6   | Found a viscous altar of Jiyva.
 18641 | Lair:6   | Reached skill level 10 in Stealth
 19369 | Lair:5   | Reached skill level 1 in Charms
 19369 | Lair:5   | Reached XP level 14. HP: 133/148 MP: 22/22
 19613 | Lair:5   | Reached skill level 5 in Spellcasting
 20017 | D:10     | Killed Snorg
 20249 | D:11     | Found a staircase to the Orcish Mines.
 20546 | D:11     | Learned a level 5 spell: Lee's Rapid Deconstruction
 20787 | D:11     | Reached skill level 1 in Earth Magic
 20787 | D:11     | Reached skill level 10 in Evocations
 21210 | Orc      | Entered the Orcish Mines
 21368 | Orc      | Found a staircase to the Elven Halls.
 21398 | Orc      | Found a roughly hewn altar of Beogh.
 21431 | Orc      | Noticed Fannar
 21504 | Orc      | Killed Fannar
 21594 | Orc      | Found a roughly hewn altar of Beogh.
 21624 | Orc      | Found Onaimafo's Antique Weapon Shop.
 21756 | Orc      | Found a roughly hewn altar of Beogh.
 21763 | Orc      | Found Lyrghaast's Magic Scroll Emporium.
 21922 | Orc      | Noticed Gastronok
 21945 | Orc      | Killed Gastronok
 21946 | Orc      | Reached skill level 10 in Shields
 22152 | Orc      | Found a roughly hewn altar of Beogh.
 22203 | Orc      | Found Besa's Antique Armour Boutique.
 22279 | Orc      | Found a roughly hewn altar of Beogh.
 22389 | Orc      | Noticed Harold
 22476 | Orc      | Bought the +2 shield of Resistance {rF+ rC+ MR+} for 1233
                  | gold pieces
 22476 | Orc      | Found the +2 shield of Resistance {rF+ rC+ MR+}
 22603 | Orc      | Killed Harold
 22881 | Orc      | Reached XP level 15. HP: 157/159 MP: 23/23
 22891 | Orc      | Noticed Saint Roka
 22912 | Orc      | Killed Saint Roka
 23148 | Orc      | Found Caetuxzi's Antique Armour Boutique.
 23149 | Orc      | Found a roughly hewn altar of Beogh.
 23150 | Orc      | Found Huokule's Antique Weapon Shop.
 23166 | Orc      | Bought a runed blowgun for 132 gold pieces
 23166 | Orc      | Bought a glowing great mace for 228 gold pieces
 23309 | Orc      | Bought a runed great mace for 247 gold pieces
 23368 | D:12     | Entered Level 12 of the Dungeon
 23514 | D:12     | Reached skill level 5 in Dodging
 23516 | D:12     | Reached skill level 5 in Charms
 24132 | D:12     | Reached skill level 5 in Earth Magic
 24340 | D:12     | Found the +5 scythe "Finisher" {speed, eviscerate}
 24353 | D:12     | Found a gate to the Vaults.
 24370 | D:12     | Learned a level 4 spell: Petrify
 24373 | D:12     | Learned a level 2 spell: Sticks to Snakes
 24447 | D:12     | Found a staircase to the Depths.
 24591 | D:12     | Found a blossoming altar of Fedhas.
 24706 | Spider:1 | Entered Level 1 of the Spider Nest
 25016 | Spider:1 | Reached skill level 1 in Transmutations
 25020 | Spider:1 | Identified the cursed +2 mace "Eczyd" {vamp, MR+ Int+5}
 25245 | Spider:1 | Reached skill level 10 in Fighting
 25551 | Spider:1 | Identified Noeskiv's Disquisition on Aerial Stones
 26142 | Spider:2 | Noticed Jorgrun
 26149 | Spider:2 | Killed Jorgrun
 26383 | Orc      | Bought a scroll of brand weapon for 252 gold pieces
 26591 | Spider:2 | Noticed Arachne
 26630 | Spider:2 | Killed Arachne
 26631 | Spider:2 | Reached XP level 16. HP: 76/170 MP: 23/25
 27680 | Spider:3 | Entered Level 3 of the Spider Nest
 27903 | Spider:3 | Reached skill level 15 in Maces & Flails
 28047 | Spider:3 | Found a large runed translucent door.
 28047 | Spider:3 | Found a large runed translucent door.
 28049 | Spider:3 | Noticed elgoggo's ghost (adept MiMo)
 28918 | Spider:2 | Reached skill level 5 in Transmutations
 29330 | Spider:3 | Got a gossamer rune of Zot
 29622 | Shoals:1 | Entered Level 1 of the Shoals
 29695 | Shoals:1 | Learned a level 5 spell: Irradiate
 29858 | Shoals:1 | Reached skill level 1 in Conjurations
 30192 | Shoals:1 | Reached XP level 17. HP: 72/180 MP: 26/26
 31200 | Shoals:2 | Noticed Donald
 31257 | Shoals:2 | Killed Donald
 31617 | Shoals:3 | Entered Level 3 of the Shoals
 31887 | Shoals:3 | HP: 8/180 [merfolk impaler/+1 trident of freezing (4)]
 31887 | Shoals:3 | HP: 3/180 [merfolk impaler/+1 trident of freezing (4)]
 32068 | Shoals:3 | Reached skill level 1 in Throwing
 32273 | Shoals:3 | Identified the Almanac of Torrid Attacks
 32410 | Shoals:3 | Got a barnacled rune of Zot
 32433 | Shoals:3 | Found Noihesk's Food Boutique.
 33002 | Shoals:3 | Identified the +3 scimitar of Extinguishment {venom, Str+5
                  | Int+9 Stlth-}
 33359 | Shoals:3 | Found Noihesk's Food Boutique.
 33677 | Shoals:2 | Learned a level 6 spell: Deflect Missiles
 33930 | Elf:1    | Entered Level 1 of the Elven Halls
 34065 | Elf:1    | Reached skill level 1 in Air Magic
 34775 | Elf:1    | Reached XP level 18. HP: 172/193 MP: 28/28
 34841 | Elf:1    | Identified Zojearysi's Papyrus of the Entourage
 35003 | Elf:1    | Identified a scroll of acquirement
 35005 | Elf:1    | Identified the +0 great mace "Aubergine" {freeze, Fragile
                  | Str+8 Dex+4} (You acquired it on level 1 of the Elven
                  | Halls)
 35653 | Elf:2    | Found a magical portal.
 35665 | WizLab   | Entered The Chambers of the Cloud Mage
 36176 | WizLab   | Reached skill level 5 in Conjurations
 36258 | WizLab   | Noticed Ozeruawn
 36363 | WizLab   | Killed Ozeruawn the Cloud Mage
 36382 | WizLab   | Identified the Disquisition on Flight
 37235 | Elf:2    | Found a runed gate.
 37235 | Elf:2    | Found a runed gate.
 37242 | Elf:2    | Found a runed gate.
 37557 | Elf:2    | Noticed Roxanne
 37562 | Elf:2    | Killed Roxanne
 37639 | Elf:2    | Identified Roxanne's Almanac of Stones (You took it off
                  | Roxanne on level 2 of the Elven Halls)
 38312 | Elf:3    | Entered Level 3 of the Elven Halls
 38312 | Elf:3    | Found Ipuustri's Incredible Inventory.
 38324 | Elf:3    | Bought a potion of invisibility for 104 gold pieces
 38377 | Elf:3    | Reached XP level 19. HP: 136/201 MP: 7/30
 38624 | Elf:3    | Identified the +1 robe "Omatakky" {Int+2 Dex+2}
 38635 | Elf:3    | Reached skill level 5 in Air Magic
 39022 | Elf:3    | Identified the +8 trident "Jestrebe" {venom, MR+ Str+4
                  | Dex+4}
 39022 | Elf:3    | Identified the +9 broad axe "Tugegg" {freeze, Dex+4 SInv}
 39022 | Elf:3    | Identified the cursed ring "Dalidike" {Fire Dex+4}
 39126 | Elf:3    | Identified the +9 dagger "Ujoel" {pierce, *Drain rN+ Str+3}
 39310 | Elf:3    | Found the +1 cloak of Starlight {rElec rC+ EV+4 Stlth--}
 39318 | Elf:3    | Identified the Compendium of Torrid Translocation
 39324 | Elf:3    | Identified a +0 pair of boots of running
 39345 | Elf:3    | Identified Qemunilo's Tome of Congealing Poisoning
 39507 | Elf:3    | Learned a level 3 spell: Beckoning
 40064 | Elf:3    | Reached skill level 10 in Earth Magic
 40394 | Vaults:1 | Entered Level 1 of the Vaults
 40603 | Vaults:1 | Reached skill level 5 in Throwing
 40611 | Vaults:1 | Reached skill level 1 in Translocations
 40891 | Vaults:1 | Found a runed translucent door.
 40891 | Vaults:1 | Found a shimmering altar of Xom.
 40891 | Vaults:1 | Noticed Sarzael's ghost (journeyman DrTm)
 40891 | Vaults:1 | Identified the +1 great sword "Diwen" {chaos, MR++}
 40954 | Vaults:1 | Found Bigoq's Antique Armour Shoppe.
 41295 | Vaults:1 | Found a roughly hewn altar of Beogh.
 41346 | Vaults:1 | Found Mutaw's Antique Weapon Shoppe.
 41842 | Vaults:1 | Reached XP level 20. HP: 212/212 MP: 32/32
 42708 | Vaults:2 | Found a staircase to the Crypt.
 42708 | Vaults:2 | Found a basalt altar of Yredelemnul.
 42708 | Vaults:2 | Found an ancient bone altar of Kikubaaqudgha.
 43138 | Vaults:2 | Found Ujugow's Antique Weapon Shoppe.
 43141 | Vaults:2 | Bought a translucent great mace for 287 gold pieces
 43141 | Vaults:2 | Identified the +11 great mace "Paydyph" {drain, rF++} (You
                  | bought it in a shop on level 2 of the Vaults)
 43191 | Vaults:2 | Learned a level 3 spell: Regeneration
 43585 | Depths:1 | Entered Level 1 of the Depths
 43991 | Depths:1 | Found a portal to a secret trove of treasure.
 44805 | Depths:1 | Identified the +3 demon trident of Qyxiasif {freeze, +Blink
                  | rElec Str+3}
 44864 | Depths:1 | Found a gateway to Hell.
 45371 | Depths:1 | Identified the +8 flail of Vielocli {drain, rPois MP+9
                  | Str+4 Int-2 Stlth+}
 45670 | Depths:2 | Identified The Arcane Arts Continued
 46338 | Depths:2 | Found an opulent altar of Gozag.
 46371 | Depths:2 | Found a gateway to a ziggurat.
 46447 | Depths:2 | Reached XP level 21. HP: 181/222 MP: 34/34
 46575 | Depths:2 | Identified the ring of the Harvest {+Fly rPois rF- Str+4}
 46714 | Depths:2 | Noticed a juggernaut
 46727 | Depths:2 | Killed a juggernaut
 46921 | Depths:2 | Identified the ring "Bomonopn" {rF+ Str+3 Stlth+}
 46933 | Depths:2 | Noticed a Killer Klown
 46943 | Depths:2 | Killed a Killer Klown
 47235 | Depths:2 | Found a sacrificial altar of Ru.
 47285 | Depths:2 | Noticed a golden dragon
 47330 | Depths:2 | Killed a golden dragon
 47334 | Depths:2 | Found a shimmering altar of Xom.
 47573 | Depths:2 | Found a bloodstained altar of Trog.
 47994 | Depths:3 | Found Pavemuy's Weapon Emporium.
 48029 | Depths:3 | Found Feoziv's Distillery.
 48043 | Depths:3 | Found a flickering gateway to a bazaar.
 48116 | Bazaar   | Entered a bazaar
 48158 | Bazaar   | Found Honn's General Store.
 48180 | Bazaar   | Found Tocuntou's Antique Weapon Emporium.
 48201 | Bazaar   | Found Sofetah's Weapon Boutique.
 48221 | Bazaar   | Found Womel's Antique Armour Shoppe.
 48263 | Bazaar   | Bought a glowing blowgun for 154 gold pieces
 48375 | Depths:3 | Identified the +1 faerie dragon scales {rCorr Int+4}
 48375 | Depths:3 | Noticed the Enchantress
 48380 | Depths:3 | Killed the Enchantress
 48551 | Depths:3 | Reached XP level 22. HP: 210/233 MP: 35/35
 48554 | Depths:3 | Noticed Nikola
 48574 | Depths:3 | Killed Nikola
 48741 | Depths:3 | Noticed a caustic shrike
 48742 | Depths:3 | Noticed a caustic shrike
 48743 | Depths:3 | Noticed a caustic shrike
 48743 | Depths:3 | Noticed a caustic shrike
 48746 | Depths:3 | Killed a caustic shrike
 48746 | Depths:3 | Killed a caustic shrike
 48746 | Depths:3 | Killed a caustic shrike
 48746 | Depths:3 | Killed a caustic shrike
 48747 | Depths:3 | Reached skill level 10 in Charms
 49037 | Depths:3 | Found a one-way gate leading to the halls of Pandemonium.
 49142 | Depths:3 | Identified the ring "Xiomuuj" {*Corrode MR+ Int+10}
 49653 | Depths:3 | Noticed a golden dragon
 49662 | Depths:3 | Killed a golden dragon
 49663 | Depths:3 | Reached skill level 10 in Spellcasting
 49966 | Depths:4 | Identified the ring of Plog {Fire MR+ Str-5 Dex+3}
 50013 | Depths:4 | Reached skill level 10 in Air Magic
 50156 | Depths:4 | Reached skill level 5 in Translocations
 50391 | Depths:4 | Found a runed door.
 50541 | Depths:4 | Noticed Xtahua
 50562 | Depths:4 | Killed Xtahua
 50681 | Depths:4 | Learned a level 3 spell: Portal Projectile
 50721 | Depths:4 | Found a one-way gate to the infinite horrors of the Abyss.
 51193 | Depths:4 | Learned a level 7 spell: Controlled Blink
 51274 | Depths:4 | Found the +8 storm bow {lightning, rElec Stlth-}
 51282 | Depths:4 | Reached XP level 23. HP: 234/245 MP: 37/37
 51726 | Vaults:3 | Entered Level 3 of the Vaults
 51726 | Vaults:3 | Noticed a juggernaut
 51902 | Vaults:3 | Identified the amulet "Ecexeggu" {Regen Int+4}
 52066 | Vaults:3 | Killed a juggernaut
 52097 | Vaults:3 | Noticed a golden dragon
 52097 | Vaults:3 | Gained mutation: Your body sometimes deteriorates upon
                  | taking damage. [the power of Zot]
 52097 | Vaults:3 | Gained mutation: You do not regenerate when monsters are
                  | visible. [the power of Zot]
 52104 | Vaults:3 | Killed a golden dragon
 52226 | Vaults:3 | Reached skill level 10 in Dodging
 52432 | Vaults:3 | Got a silver rune of Zot
 52442 | Vaults:3 | Identified the cursed +1 whip of Dummal {elec, rPois}
 52699 | Vaults:3 | Reached skill level 10 in Throwing
 53009 | Vaults:3 | Reached XP level 24. HP: 137/257 MP: 32/37
 53145 | Vaults:3 | Identified the +0 pair of boots "Zisaro" {rC+ Str+4}
 53157 | Vaults:3 | Identified Jixyud's Catalogue of Earthen Companions
 53217 | Vaults:3 | Identified the +0 hat of Least Resistance {+Inv Dex+3} (You
                  | acquired it on level 3 of the Vaults)
 53217 | Vaults:3 | Identified the ring of Iclakuth {Fire rN+} (You acquired it
                  | on level 3 of the Vaults)
 53222 | Vaults:3 | Learned a level 2 spell: Blink
 53497 | Vaults:3 | Identified the Grimoire of the Blaze and Moulding
 53504 | Vaults:3 | Identified the +6 war axe of Certain Death {elec, rElec
                  | Int+6}
 55010 | Vaults:1 | Killed Sarzael's ghost
 55013 | Vaults:1 | Identified the ring "Piteehun" {rPois Str+6 Int-2 Dex-2
                  | SInv} (You found it on level 1 of the Vaults)
 55307 | Elf:3    | Learned a level 3 spell: Spectral Weapon
 55560 | Depths:5 | Entered Level 5 of the Depths
 56972 | Depths:5 | Noticed a golden dragon
 56985 | Depths:5 | Killed a golden dragon
 57071 | Depths:5 | Identified the ring "Qafua" {MR+ Stlth--}
 57084 | Depths:5 | Reached XP level 25. HP: 253/268 MP: 39/39
 57127 | Depths:5 | Found a gate to the Realm of Zot.
 57501 | Depths:5 | Noticed a juggernaut
 57515 | Depths:5 | Killed a juggernaut
 57553 | Depths:5 | Reached skill level 10 in Translocations
 58047 | Zot:1    | Entered Level 1 of the Realm of Zot
 58277 | Zot:1    | Reached skill level 15 in Shields
 58660 | Zot:1    | Noticed a golden dragon
 58665 | Zot:1    | Killed a golden dragon
 59555 | Zot:2    | Reached skill level 15 in Fighting
 59624 | Zot:2    | Learned a level 8 spell: Time Stop
 59672 | Zot:2    | Identified the ring "Viuts" {+Blink rPois MR+ Int+2 SInv}
 59700 | Zot:2    | Noticed an orb of fire
 59709 | Zot:2    | Gained mutation: You are frail. (-10% HP) [an orb of fire]
 59716 | Zot:2    | Killed an orb of fire
 59825 | Zot:2    | Noticed a golden dragon
 59832 | Zot:2    | Killed a golden dragon
 60668 | Zot:3    | Noticed an orb of fire
 60668 | Zot:3    | Noticed a golden dragon
 60671 | Zot:3    | Noticed a golden dragon
 60672 | Zot:3    | Killed an orb of fire
 60677 | Zot:2    | Killed a golden dragon
 60678 | Zot:2    | Reached XP level 26. HP: 250/253 MP: 22/40
 60760 | Zot:3    | Killed a golden dragon
 61300 | Zot:4    | Noticed a Killer Klown
 61310 | Zot:4    | Killed a Killer Klown
 61351 | Zot:4    | Noticed a Killer Klown
 61358 | Zot:4    | Killed a Killer Klown
 61397 | Zot:4    | Noticed a golden dragon
 61404 | Zot:4    | Noticed a golden dragon
 61419 | Zot:4    | Killed a golden dragon
 61455 | Zot:4    | Noticed a golden dragon
 61464 | Zot:4    | Killed a golden dragon
 61671 | Zot:4    | Killed a golden dragon
 61757 | Zot:4    | Noticed a golden dragon
 61913 | Zot:4    | Killed a golden dragon
 63169 | Lair:6   | Killed Krom's ghost
 63490 | Spider:3 | Killed elgoggo's ghost
 63972 | Crypt:1  | Entered Level 1 of the Crypt
 64216 | D:9      | Lost mutation: You do not regenerate when monsters are
                  | visible. [potion of mutation]
 64216 | D:9      | Lost mutation: You are frail. (-10% HP) [potion of
                  | mutation]
 64216 | D:9      | Lost mutation: Your body sometimes deteriorates upon taking
                  | damage. [potion of mutation]
 64216 | D:9      | Gained mutation: You expend magic power (3 MP) to
                  | strengthen your wands. [potion of mutation]
 64216 | D:9      | Gained mutation: You are agile. (Dex +2) [potion of
                  | mutation]
 65032 | Crypt:2  | Entered Level 2 of the Crypt
 65093 | Crypt:2  | Reached XP level 27. HP: 274/294 MP: 40/40
 65617 | Crypt:2  | Found the cursed +4 dagger "Morg" {pain, MR+ Int+12 *Curse}
 65759 | Crypt:2  | Noticed an ancient lich
 65770 | Crypt:2  | Killed an ancient lich
 65794 | Crypt:2  | Found a basalt altar of Yredelemnul.
 65807 | Crypt:2  | Identified the +1 steam dragon scales of Uqyipiv {rElec
                  | Int-4 Dex+5}
 65808 | Crypt:2  | Identified the ring "Mashras" {rN+ MP-9 Int+5}
 65808 | Crypt:2  | Identified the ring "Oveamih" {rElec rN+ Str+3}
 65808 | Crypt:2  | Identified the ring of Neiduw {*Slow rN+ Str+5}
 65809 | Crypt:2  | Identified the +6 hand crossbow of Nusukkad {velocity, MR+}
 65923 | Crypt:2  | Found a staircase to the Tomb.
 67080 | Depths:3 | Learned a level 1 spell: Apportation
 67447 | Depths:3 | Escaped the Abyss
 67499 | Abyss:3  | Found a corrupted altar of Lugonu.
 67730 | Abyss:3  | Got an abyssal rune of Zot
 67738 | Depths:3 | Escaped the Abyss
 67916 | Hell     | Entered the Vestibule of Hell
 67916 | Hell     | Noticed Geryon
 67930 | Hell     | Reached skill level 15 in Charms
 68052 | Hell     | Found a gateway to the Iron City of Dis.
 68072 | Hell     | Gained mutation: You are frail. (-10% HP) [a cacodemon]
 68188 | Hell     | Killed Geryon
 68301 | Hell     | Reached skill level 15 in Throwing
 68357 | Hell     | Noticed Murray
 68367 | Hell     | Killed Murray
 68435 | Dis:1    | Entered Level 1 of the Iron City of Dis
 68598 | Dis:2    | Entered Level 2 of the Iron City of Dis
 68811 | Dis:2    | Reached skill level 15 in Spellcasting
 69020 | Dis:2    | Identified the +6 fustibalus of the Jolly Stories
                  | {velocity, *Corrode rF+ rN+ Dex+2}
 69037 | Dis:2    | Identified the cursed ring "Laufoat" {Ice rElec rN++ Dex-3}
 69578 | Dis:2    | Identified the +3 plate armour of Wasted Space {*Drain
                  | Regen+ rCorr Int+2}
 69588 | Dis:2    | Identified the +8 chain mail of the Fife {+Inv}
 69668 | Dis:2    | Identified the +4 staff of Dispater
 69668 | Dis:2    | Noticed Dispater
 69677 | Dis:2    | Killed Dispater
 69752 | Dis:2    | Got an iron rune of Zot
 70110 | Hell     | Found a gateway to the decaying netherworld of Tartarus.
 70129 | Tar:1    | Entered Level 1 of Tartarus
 70159 | Tar:2    | Entered Level 2 of Tartarus
 70788 | Tar:2    | Found the +18 shield of the Gong {rElec rN+ MR+ EV-5}
 70794 | Tar:2    | Identified the ring of Fun {Str+2 Dex+8}
 71024 | Tar:2    | Identified the +5 plate armour "Renanelo" {Int+4 Dex+3}
 71438 | Tar:2    | Noticed Ereshkigal
 71451 | Tar:2    | Killed Ereshkigal
 71469 | Tar:2    | Identified the Compendium of Icy Sinister Secrets
 71471 | Tar:2    | Identified the ring of Kuxtet {+Fly rPois rF+ Str+4 Slay-5}
 71477 | Tar:2    | Reached skill level 15 in Dodging
 71527 | Tar:2    | Got a bone rune of Zot
 71529 | Tar:2    | Identified the Almanac of Curses
 71790 | Hell     | Found a gateway to the ashen valley of Gehenna.
 71813 | Geh:1    | Entered Level 1 of Gehenna
 72046 | Geh:2    | Entered Level 2 of Gehenna
 72741 | Geh:2    | Identified the Guide on the Snowflakes
 72743 | Geh:2    | Identified the ring of Butchery {*Drain rElec rPois rC+}
 72795 | Geh:2    | Identified the +7 sceptre of Asmodeus
 72795 | Geh:2    | Noticed Asmodeus
 72805 | Geh:2    | Killed Asmodeus
 72971 | Geh:2    | Identified the Reference Book on Black Rituals and
                  | Dislocation
 73008 | Geh:2    | Identified the ring of Ruotejeu {rElec Dex+5 Slay+6}
 73010 | Geh:2    | Identified the amulet "Joalog" {RegenMP *Slow rF+ rN+ MR+
                  | MP+9}
 73011 | Geh:2    | Identified the cursed +0 halberd of Exhibitionism {freeze,
                  | rF- MR+ SInv}
 73015 | Geh:2    | Got an obsidian rune of Zot
 73022 | Geh:2    | Identified the +2 plate armour of Amorality {rElec Dex+5}
                  | (You found it on level 2 of Gehenna)
 73363 | Hell     | Found a gateway to the freezing wastes of Cocytus.
 73374 | Coc:1    | Entered Level 1 of Cocytus
 73426 | Coc:1    | You fall into a shaft and drop 1 floor!
 73426 | Coc:2    | Entered Level 2 of Cocytus
 73498 | Coc:2    | Identified the amulet "Sofuv" {Gourm Str+5}
 73504 | Coc:2    | Identified the +5 dagger of Brawling {freeze, MP+9 Dex+5
                  | SInv Stlth+}
 73670 | Coc:2    | Reached skill level 15 in Translocations
 73860 | Coc:2    | Identified the cursed +2 trident "Fiune" {vamp, +Inv Int+3}
 73860 | Coc:2    | Noticed Antaeus
 73881 | Coc:2    | Killed Antaeus
 73898 | Coc:2    | Got an icy rune of Zot
 74388 | Abyss:3  | Found a corrupted altar of Lugonu.
 74391 | Depths:5 | Escaped the Abyss
 74497 | Depths:1 | You paid a toll of 8 potions of agility to enter a treasure
                  | trove
 74498 | Trove    | Entered a treasure trove
 74502 | Trove    | Identified the ring "Put-Me-On" {rF+ rN+ MR+ Dex-4 Slay+4}
 74506 | Trove    | Identified the ring "Merphodit" {Ice rPois}
 74510 | Trove    | Identified the ring "Nuommega" {rElec AC+4}
 74514 | Trove    | Identified the ring of Fishryrik {rF+ Dex+3 SInv}
 74516 | Trove    | Identified the ring of Menad {rF+ rC+}
 74520 | Trove    | Identified the amulet of Nouttuuc {RegenMP Slay+2}
 74523 | Trove    | Identified the ring of the Visionary {Ice Int+2 Dex+3}
 74933 | Slime:1  | Entered Level 1 of the Pits of Slime
 75159 | Slime:4  | Learned a level 9 spell: Shatter
 75257 | Slime:5  | Entered Level 5 of the Pits of Slime
 75449 | Slime:5  | Noticed the Royal Jelly
 75460 | Slime:5  | Killed the Royal Jelly
 75508 | Slime:5  | Identified the ring of Gesmyr Mizxe {Str+7 Slay+3}
 75511 | Slime:5  | Identified the Disquisition on Aerial Enchantment
 75526 | Slime:5  | Found the +0 Maxwell's etheric cage {RegenMP+ *Contam rElec
                  | Stlth-}
 75528 | Slime:5  | Identified the ring "Foilom" {rElec MR+ Str+3 Int+4 Dex+3}
 75537 | Slime:5  | Identified the +9 great mace "Wejueff" {crush, rN+ Str+3
                  | Stlth-}
 75573 | Slime:5  | Identified the +11 war axe "Juynad" {protect, +Blink}
 75592 | Slime:5  | Identified the ring of Xom's Passing Interest {*Slow rN+++
                  | Int-3 Dex+6 Stlth++}
 75594 | Slime:5  | Got a slimy rune of Zot
 75686 | Lair:6   | Identified the +9 great mace "Nyeqad" {flame, rF+ Str+4
                  | Dex-4} (You acquired it on level 6 of the Lair of Beasts)
 75686 | Lair:6   | Identified the +2 hat of the Depths {Int+2} (You acquired
                  | it on level 6 of the Lair of Beasts)
 75686 | Lair:6   | Identified the Reference Book on the Escort and the
                  | Frostbite (You acquired it on level 6 of the Lair of
                  | Beasts)
 76234 | Zot:5    | Entered Level 5 of the Realm of Zot
 76265 | Zot:5    | Noticed an ancient lich
 76277 | Zot:5    | Killed an ancient lich
 76559 | Zot:5    | Found a runed translucent gate.
 76559 | Zot:5    | Found a runed translucent gate.
 76559 | Zot:5    | Found a runed translucent gate.
 76559 | Zot:5    | Noticed MisterOstroum's ghost (veteran CeWn)
 76559 | Zot:5    | Noticed doomedcactus's ghost (legendary FrCj)
 76592 | Zot:5    | Killed MisterOstroum's ghost
 76594 | Zot:5    | Killed doomedcactus's ghost
 76619 | Zot:5    | Identified the +2 hat of Autotheism {rPois rF- rC+ Int+3}
 76627 | Zot:5    | Noticed an ancient lich
 76646 | Zot:5    | Killed an ancient lich
 76933 | Zot:5    | Identified the ring "Amiodd" {+Fly rElec}
 76938 | Zot:5    | Noticed an orb of fire
 76956 | Zot:5    | Noticed an ancient lich
 76975 | Zot:5    | Killed an orb of fire
 76983 | Zot:5    | Killed an ancient lich
 77032 | Zot:5    | Noticed an orb of fire
 77032 | Zot:5    | Lost mutation: You are agile. (Dex +2) [an orb of fire]
 77037 | Zot:5    | Gained mutation: You occasionally shout uncontrollably at
                  | your foes. [an orb of fire]
 77046 | Zot:5    | Gained mutation: You are very frail. (-20% HP) [an orb of
                  | fire]
 77047 | Zot:5    | Killed an orb of fire
 77063 | Zot:5    | Noticed an orb of fire
 77097 | Zot:5    | Gained mutation: You are dopey. (Int -2) [an orb of fire]
 77102 | Zot:5    | Gained mutation: You are very dopey. (Int -4) [an orb of
                  | fire]
 77103 | Zot:5    | Gained mutation: You are clumsy. (Dex -2) [an orb of fire]
 77109 | Zot:5    | Killed an orb of fire
 77121 | Zot:5    | Noticed an orb of fire
 77125 | Zot:5    | Gained mutation: You sometimes yell uncontrollably at your
                  | foes. [an orb of fire]
 77130 | Zot:5    | Gained mutation: Your body sometimes deteriorates upon
                  | taking damage. [an orb of fire]
 77133 | Zot:5    | Killed an orb of fire
 77195 | Zot:5    | Noticed an ancient lich
 77200 | Zot:5    | Killed an ancient lich
 77283 | Zot:5    | Noticed an orb of fire
 77283 | Zot:5    | Noticed an orb of fire
 77289 | Zot:5    | Gained mutation: [Your magical capacity is low. (-10% MP)]
                  | [an orb of fire]
 77295 | Zot:5    | Gained mutation: You are extremely frail. (-30% HP) [an orb
                  | of fire]
 77297 | Zot:5    | Killed an orb of fire
 77297 | Zot:5    | Gained mutation: Your body often deteriorates upon taking
                  | damage. [an orb of fire]
 77297 | Zot:5    | Gained mutation: [Scrolls take you a little longer to
                  | read.] [an orb of fire]
 77303 | Zot:5    | Killed an orb of fire
 78365 | Elf:1    | Lost mutation: You are extremely frail. (-30% HP) [potion
                  | of mutation]
 78365 | Elf:1    | Lost mutation: [Scrolls take you a little longer to read.]
                  | [potion of mutation]
 78365 | Elf:1    | Lost mutation: You expend magic power (3 MP) to strengthen
                  | your wands. [potion of mutation]
 78365 | Elf:1    | Gained mutation: You are very clumsy. (Dex -4) [potion of
                  | mutation]
 78365 | Elf:1    | Gained mutation: You are weak. (Str -2) [potion of
                  | mutation]
 78365 | Elf:1    | Lost mutation: [Your magical capacity is low. (-10% MP)]
                  | [potion of mutation]
 78512 | D:9      | Lost mutation: You are very dopey. (Int -4) [potion of
                  | mutation]
 78512 | D:9      | Lost mutation: Your body often deteriorates upon taking
                  | damage. [potion of mutation]
 78512 | D:9      | Gained mutation: Your spells are a little harder to cast,
                  | but a little more powerful. [potion of mutation]
 78512 | D:9      | Gained mutation: You are resistant to hostile enchantments.
                  | (MR+) [potion of mutation]
 78626 | Lair:3   | Lost mutation: Your body sometimes deteriorates upon taking
                  | damage. [potion of mutation]
 78626 | Lair:3   | Lost mutation: You are dopey. (Int -2) [potion of mutation]
 78626 | Lair:3   | Gained mutation: You possess an exceptional clarity of
                  | mind. [potion of mutation]
 78626 | Lair:3   | Gained mutation: Your flesh is cold resistant. (rC+)
                  | [potion of mutation]
 78835 | Depths:3 | Bought a potion of mutation for 200 gold pieces
 78835 | Depths:3 | Lost mutation: You possess an exceptional clarity of mind.
                  | [potion of mutation]
 78835 | Depths:3 | Lost mutation: You are very frail. (-20% HP) [potion of
                  | mutation]
 78835 | Depths:3 | Lost mutation: You are weak. (Str -2) [potion of mutation]
 78835 | Depths:3 | Gained mutation: You are partially covered in iridescent
                  | scales. (AC +2) [potion of mutation]
 78835 | Depths:3 | Gained mutation: You passively map a small area around you.
                  | [potion of mutation]
 78835 | Depths:3 | Gained mutation: Your flesh is heat resistant. (rF+)
                  | [potion of mutation]
 79218 | Tomb:1   | Entered Level 1 of the Tomb of the Ancients
 79386 | Tomb:1   | Noticed Boris
 79395 | Tomb:1   | Killed Boris
 79395 | Tomb:1   | Noticed a greater mummy
 79579 | Tomb:1   | Killed a greater mummy
 79898 | Tomb:2   | Noticed a greater mummy
 80048 | Tomb:2   | Noticed a greater mummy
 80048 | Tomb:2   | Noticed a greater mummy
 80048 | Tomb:2   | Noticed Jory
 80051 | Tomb:2   | Noticed a greater mummy
 80061 | Tomb:2   | Paralysed by the power of Zot for 3 turns
 80076 | Tomb:2   | Killed Jory
 80109 | Tomb:2   | Killed a greater mummy
 80127 | Tomb:2   | Killed a greater mummy
 80135 | Tomb:2   | Killed a greater mummy
 80152 | Tomb:2   | Killed a greater mummy
 80469 | Tomb:1   | Noticed a greater mummy
 80472 | Tomb:1   | Killed a greater mummy
 80475 | Tomb:1   | Noticed a greater mummy
 80476 | Tomb:1   | Noticed a greater mummy
 80478 | Tomb:1   | Noticed a greater mummy
 80483 | Tomb:1   | Killed a greater mummy
 80489 | Tomb:1   | Killed a greater mummy
 80494 | Tomb:1   | Killed a greater mummy
 80540 | Tomb:1   | Noticed a greater mummy
 80547 | Tomb:1   | Killed a greater mummy
 80560 | Tomb:1   | Noticed a greater mummy
 80562 | Tomb:1   | Noticed a greater mummy
 80566 | Tomb:1   | Killed a greater mummy
 80569 | Tomb:1   | Killed a greater mummy
 80606 | Tomb:1   | Noticed a greater mummy
 80609 | Tomb:1   | Killed a greater mummy
 80610 | Tomb:1   | Noticed a greater mummy
 80614 | Tomb:1   | Killed a greater mummy
 80641 | Tomb:1   | Noticed a greater mummy
 80641 | Tomb:1   | Noticed a greater mummy
 80646 | Tomb:1   | Killed a greater mummy
 80647 | Tomb:1   | Killed a greater mummy
 80650 | Tomb:1   | Noticed a greater mummy
 80659 | Tomb:1   | Killed a greater mummy
 80736 | Tomb:3   | Entered Level 3 of the Tomb of the Ancients
 80739 | Tomb:3   | Noticed a greater mummy
 80740 | Tomb:3   | Noticed a greater mummy
 80780 | Tomb:3   | Noticed a greater mummy
 80804 | Tomb:3   | Killed a greater mummy
 80809 | Tomb:3   | Noticed a greater mummy
 80811 | Tomb:3   | Killed a greater mummy
 80814 | Tomb:3   | Noticed a greater mummy
 80827 | Tomb:3   | Killed a greater mummy
 81003 | Tomb:3   | Killed a greater mummy
 81115 | Tomb:3   | Killed a greater mummy
 81134 | Tomb:3   | Noticed a greater mummy
 81148 | Tomb:3   | Killed a greater mummy
 81168 | Tomb:3   | Found the +9 heavy crossbow "Sniper" {velocity, Acc+∞ SInv}
 81169 | Tomb:3   | Identified the ring of Okawaru's Benevolence {*Corrode rF+
                  | Str+4 Int+6}
 81196 | Tomb:3   | Noticed a greater mummy
 81201 | Tomb:3   | Killed a greater mummy
 81217 | Tomb:3   | Identified the ring "Lufep" {MR+ SInv Stlth+}
 81252 | Tomb:3   | Identified the +1 great sword of the Elven Halls {holy,
                  | SInv}
 81283 | Tomb:3   | Noticed a greater mummy
 81293 | Tomb:3   | Killed a greater mummy
 81319 | Tomb:3   | Identified the cursed ring of Onnise {rElec rF++ MR+ Dex-3
                  | Slay+2}
 81516 | Tomb:3   | Noticed a greater mummy
 81520 | Tomb:3   | Killed a greater mummy
 81521 | Tomb:3   | Reached skill level 15 in Earth Magic
 81541 | Tomb:3   | Got a golden rune of Zot
 82281 | D:4      | Bought a scroll of summoning for 110 gold pieces
 82281 | D:4      | Bought a scroll of teleportation for 33 gold pieces
 82281 | D:4      | Bought 2 scrolls of fog for 44 gold pieces
 82327 | D:4      | Bought a scroll of teleportation for 39 gold pieces
 82327 | D:4      | Bought a scroll of teleportation for 39 gold pieces
 82327 | D:4      | Bought a scroll of teleportation for 39 gold pieces
 82353 | D:5      | Bought a box of beasts for 260 gold pieces
 82353 | D:5      | Bought a wand of iceblast (5) for 117 gold pieces
 82353 | D:5      | Bought a wand of enslavement (12) for 169 gold pieces
 82353 | D:5      | Bought a wand of iceblast (6) for 136 gold pieces
 82404 | D:4      | Bought 80 javelins of penetration for 192 gold pieces
 82496 | D:8      | Bought a wand of iceblast (3) for 72 gold pieces
 82496 | D:8      | Bought a wand of iceblast (9) for 180 gold pieces
 82496 | D:8      | Bought a wand of iceblast (7) for 144 gold pieces
 82496 | D:8      | Bought a wand of digging (12) for 312 gold pieces
 82496 | D:8      | Bought a phantom mirror for 240 gold pieces
 82601 | Orc      | Bought a scroll of teleportation for 42 gold pieces
 82711 | Elf:3    | Bought a wand of iceblast (6) for 136 gold pieces
 82929 | Depths:3 | Bought a potion of magic for 125 gold pieces
 82929 | Depths:3 | Bought a potion of curing for 62 gold pieces
 82929 | Depths:3 | Bought a potion of curing for 62 gold pieces
 82929 | Depths:3 | Bought a potion of curing for 62 gold pieces
 82929 | Depths:3 | Bought a potion of heal wounds for 125 gold pieces
 82929 | Depths:3 | Bought a potion of curing for 62 gold pieces
 83121 | Zot:5    | Got the Orb of Zot
 83171 | Zot:5    | Noticed Tostrejeyrgh the pandemonium lord
 83180 | Zot:5    | Killed Tostrejeyrgh the pandemonium lord
 83337 | Pan      | Entered Pandemonium
 83491 | Pan      | Noticed Gegogaol the pandemonium lord
 83522 | Pan      | Killed Gegogaol the pandemonium lord
 83555 | Depths:5 | Escaped Pandemonium
 83892 | Lair:1   | Noticed Liunam the pandemonium lord
 83901 | Lair:1   | Killed Liunam the pandemonium lord
 84174 | Spider:2 | Noticed Cylayqobb the pandemonium lord
 84181 | Spider:2 | Killed Cylayqobb the pandemonium lord
 84230 | Spider:1 | Noticed Esauguto the pandemonium lord
 84239 | Spider:1 | Killed Esauguto the pandemonium lord
 84494 | Lair:5   | Noticed a seraph
 84502 | Lair:5   | Killed a seraph
 84759 | Depths:1 | Noticed a seraph
 84777 | Depths:1 | Killed a seraph
 85001 | Pan      | Entered Pandemonium
 85137 | Pan      | Noticed Seumeh the pandemonium lord
 85217 | Pan      | Lost mutation: Your spells are a little harder to cast, but
                  | a little more powerful. [a cacodemon]
 85242 | Pan      | Noticed Zenik the pandemonium lord
 85243 | Pan      | Noticed Zenik the pandemonium lord
 85251 | Pan      | Paralysed by accursed screaming for 1 turns
 85255 | Pan      | Killed Zenik the pandemonium lord
 85259 | Pan      | HP: 13/439 [gelid warmonger/+3 demon whip of draining (12)]
 85259 | Pan      | HP: 5/439 [torturous corrupter/+2 demon whip of venom (8)]
 85260 | Pan      | Mangled by a Hell Sentinel

Skill      XL: |  1  2  3  4  5  6  7  8  9 10 11 12 13 14 15 16 17 18 19 20 21 22 23 24 25 26 27 |
---------------+----------------------------------------------------------------------------------+-----
Maces & Flails | 3 4 5 6 7 8 9 11 12 13 14 15 16 17 18 19 20 | 20.0
Shields        | 2 3 4 5 6 7 8 9 10 11 12 13 14 15 20 | 20.4
Invocations    | 1 2 3 4 6 7 9 10 11 12 13 14 | 14.0
Stealth        | 4 5 6 7 8 9 10 11 12 13 14 | 14.0
Fighting       | 3 4 5 6 7 8 9 10 11 12 13 14 15 16 22 | 22.4
Evocations     | 1 3 5 6 7 8 9 10 11 12 | 12.0
Ice Magic      | 3 4 |  4.0
Dodging        | 2 3 4 5 6 7 8 9 10 11 12 18 | 18.8
Spellcasting   | 3 4 5 6 7 8 9 10 12 13 21 | 21.2
Charms         | 1 4 5 6 8 9 10 11 12 14 20 | 20.0
Earth Magic    | 3 6 7 8 9 10 17 | 17.4
Transmutations | 2 5 6 7 8 9 |  9.0
Conjurations   | 1 4 6 7 8 |  8.0
Throwing       | 2 4 5 6 7 9 10 11 12 14 22 | 22.0
Air Magic      | 2 4 6 7 9 10 11 | 11.0
Translocations | 1 3 4 5 7 9 10 11 16 | 16.9
Hexes          | |  1.0

Action                   |  1- 3 |  4- 6 |  7- 9 | 10-12 | 13-15 | 16-18 | 19-21 | 22-24 | 25-27 || total
-------------------------+-------+-------+-------+-------+-------+-------+-------+-------+-------++-------
Melee: Mace              |   132 |   165 |   398 |    96 |       |       |       |       |       ||   791
       Dagger            |       |     5 |    33 |    42 |    21 |     3 |       |       |       ||   104
       Dire flail        |       |       |    26 |       |   532 |       |       |       |       ||   558
       Flail             |       |       |       |   435 |   181 |       |       |       |       ||   616
       Great mace        |       |       |       |       |   432 |   789 |  1004 |  1231 |  4284 ||  7740
       Staff             |       |       |       |       |       |     5 |    53 |       |       ||    58
       Demon whip        |       |       |       |       |       |       |     5 |       |    91 ||    96
 Fire: Hunting sling     |       |    26 |    57 |    24 |       |       |       |       |       ||   107
       Longbow           |       |       |       |    50 |   262 |     1 |       |       |       ||   313
       Blowgun           |       |       |       |       |       |       |     1 |     1 |     1 ||     3
Throw: Stone             |     8 |       |     3 |     3 |       |       |       |       |       ||    14
       Javelin           |       |       |       |     2 |       |       |    12 |       |     2 ||    16
       Tomahawk          |       |       |       |       |    56 |   144 |    98 |    40 |    44 ||   382
       Large rock        |       |       |       |       |       |       |       |    10 |    98 ||   108
 Cast: Ozocubu's Armour  |       |       |       |       |     2 |     4 |     2 |     2 |       ||    10
       Lee's Rapid Decon |       |       |       |       |       |    80 |    44 |     2 |     7 ||   133
       Beckoning         |       |       |       |       |       |       |    50 |    72 |   397 ||   519
       Deflect Missiles  |       |       |       |       |       |       |     1 |       |     4 ||     5
       Regeneration      |       |       |       |       |       |       |       |    27 |   213 ||   240
       Blink             |       |       |       |       |       |       |       |       |     3 ||     3
       Apportation       |       |       |       |       |       |       |       |       |   176 ||   176
       Spectral Weapon   |       |       |       |       |       |       |       |       |   111 ||   111
       Controlled Blink  |       |       |       |       |       |       |       |       |    12 ||    12
       Portal Projectile |       |       |       |       |       |       |       |       |    12 ||    12
       Time Stop         |       |       |       |       |       |       |       |       |     2 ||     2
Invok: Bend Time         |       |       |     4 |     3 |     2 |     2 |     1 |       |     2 ||    14
       Slouch            |       |       |     1 |     3 |    15 |    19 |    12 |    11 |    40 ||   101
       Step From Time    |       |       |       |       |       |       |       |       |     1 ||     1
       Temporal Distorti |       |       |       |       |       |       |       |       |     1 ||     1
 Abil: Passwall          |       |     6 |    13 |    25 |    22 |     3 |     3 |     1 |    26 ||    99
       Evoke Invisibilit |       |       |     1 |     5 |     3 |     1 |       |       |       ||    10
Evoke: Wand              |       |       |       |     3 |       |    16 |       |       |    11 ||    30
       Phial of floods   |       |       |       |       |       |       |     1 |       |       ||     1
       Horn of Geryon    |       |       |       |       |       |       |       |       |     1 ||     1
  Use: Scroll            |     2 |     8 |     9 |     7 |     5 |     8 |     4 |     3 |    32 ||    78
       Potion            |       |       |       |       |     3 |     4 |       |       |    25 ||    32
 Stab: Sleeping          |     4 |     6 |    20 |    38 |    15 |    14 |     5 |     4 |    12 ||   118
       Invisible         |       |       |     1 |     4 |     8 |       |       |     1 |       ||    14
       Distracted        |       |       |       |     1 |     1 |     3 |     3 |     8 |    32 ||    48
       Confused          |       |       |       |       |       |       |       |     2 |     1 ||     3
       Paralysed         |       |       |       |       |       |       |       |       |     5 ||     5
  Eat: Chunk             |     4 |    11 |    28 |    32 |    56 |    39 |    49 |    43 |    80 ||   342
       Ration            |       |       |     1 |     1 |     4 |     6 |     3 |     4 |    35 ||    54
Armor: Skin              |    89 |   128 |   387 |   317 |   640 |   741 |   488 |   582 |  1849 ||  5221
Dodge: Dodged            |    41 |    63 |   151 |   189 |   863 |  1004 |  1127 |  1581 |  8046 || 13065
       Deflected         |       |       |       |       |       |       |    35 |    72 |   193 ||   300
Block: Medium shield     |    83 |   111 |   443 |   533 |  1352 |  1322 |  1331 |  1575 |  6294 || 13044
       Large shield      |       |       |       |       |       |       |       |       |  1012 ||  1012
